 Dungeon Crawl Stone Soup version 0.28-a0-643-g84cb2ea78e (webtiles) character file.

Game seed: 14544946264131628323

158 lawman0 the Magician (level 5, -4/35 HPs)
             Began as a Demonspawn Hedge Wizard on Oct 10, 2021.
             Slain by a lemure (6 damage)
             ... led by Pikel
             ... on level 4 of the Dungeon.
             The game lasted 00:04:52 (3370 turns).

lawman0 the Magician (Demonspawn Hedge Wizard)      Turns: 3370, Time: 00:04:53

Health: -4/35      AC:  4    Str: 10    XL:     5   Next: 16%
Magic:  11/11      EV: 12    Int: 17    God:
Gold:   94         SH:  0    Dex: 12    Spells: 2/12 levels left

rFire   . . .      SeeInvis .   f - +1 dagger (elec)
rCold   . . .      Faith    .   (no shield)
rNeg    . . .      Spirit   .   b - +0 robe
rPois   .          Reflect  .   c - +0 hat
rElec   .          Harm     .   (no cloak)
rCorr   .          Rampage  .   (no gloves)
Will    .....                   k - +1 pair of boots
Stlth   ++........              j - amulet of regeneration
HPRegen 1.11/turn               (no ring)
MPRegen 0.12/turn               (no ring)

@: no status effects
A: hooves 1, foul stench 1, spiny 1
a: no special abilities


You were on level 4 of the Dungeon.
You visited 1 branch of the dungeon, and saw 4 of its levels.

You collected 94 gold pieces.

Inventory:

Hand Weapons
 f - a +1 dagger of electrocution (weapon)
 m - a +0 falchion of holy wrath
Armour
 b - a +0 robe (worn)
 c - a +0 hat (worn)
 k - a +1 pair of boots (worn)
 l - a +0 kite shield
Jewellery
 d - an amulet of faith
 j - an amulet of regeneration (around neck)
Scrolls
 a - a scroll of identify {unknown}
 e - a scroll of enchant weapon {unknown}
 o - 2 scrolls of amnesia {unknown}
Potions
 p - a potion of might {unknown}


   Skills:
 + Level 0.2 Fighting
 + Level 2.3 Dodging
 + Level 2.3 Stealth
 + Level 4.2 Spellcasting
 * Level 2.7 Conjurations
 + Level 1.2 Summonings
 + Level 0.8 Translocations


You had 2 spell levels left.
You knew the following spells:

 Your Spells              Type           Power      Damage    Failure   Level
a - Magic Dart            Conj           52%        1d5       4%          1
b - Blink                 Tloc           N/A        N/A       16%         2
c - Call Imp              Summ           7%         N/A       14%         2
d - Slow                  Hex            3%         N/A       24%         2
e - Mephitic Cloud        Conj/Pois/Air  6%         N/A       32%         3

Your spell library contained the following spells:

 Spells                   Type           Power      Damage    Failure   Level
 Foxfire                  Conj/Fire      32%        2x1d5     9%          1
 Conjure Flame            Conj/Fire      8%         6-21      26%         3
 Lesser Beckoning         Tloc           6%         N/A       32%         3
 Inner Flame              Hex/Fire       3%         N/A       43%         3
 Flame Wave               Conj/Fire      8%         3d4       65%         4
 Manifold Assault         Tloc           6%         N/A       96%         5


Dungeon Overview and Level Annotations

Branches:
Dungeon (4/15)
 Temple: D:4-7

Altars:
Qazlal
Ru

Annotations:
D:4 Pikel


Innate Abilities, Weirdness & Mutations

You have large cloven feet.
You may rarely emit foul miasma when damaged in melee.
You are partially covered in sharp spines.


Message History

You kill the adder!
You see here an adder corpse.
Found 9 gold pieces.
Why would you want to do that?
A lemure is nearby!
A lemure is nearby!
A lemure is nearby!
A lemure is nearby!
A lemure is nearby!
A lemure is nearby!
The lemure shouts!
You see here 9 gold pieces.
You barely miss the lemure. The lemure barely misses you.
The lemure misses you. The lemure hits you.
Pikel hits you with a +2 whip of freezing!
Pikel freezes you.
You barely miss the lemure. The lemure barely misses you.
Pikel hits you with a +2 whip of freezing.
Pikel freezes you.
Pikel hits you with a +2 whip of freezing.
Pikel freezes you.
You emit a cloud of foul miasma!
You hit the lemure but do no damage. The lemure hits you but does no damage.
Pikel is engulfed in dark miasma.
Pikel is poisoned.
Pikel barely misses you.
You hit the lemure but do no damage. The lemure hits you. x2
* * * LOW HITPOINT WARNING * * *
Pikel is engulfed in dark miasma.
Pikel looks even sicker.
Pikel drinks a potion.
Pikel is healed!
Pikel looks more healthy.
You closely miss the lemure. The lemure hits you!
* * * LOW HITPOINT WARNING * * *
The lemure hits you.
* * * LOW HITPOINT WARNING * * *
Pikel is engulfed in dark miasma.
Pikel is poisoned.
Pikel is struck by your spines. Pikel hits you but does no damage.
You are too injured to fight recklessly!
Unknown command.
You closely miss Pikel.
Pikel is lightly wounded.
The lemure hits you.
You die...

............. .............
.....##......# .#..............
.............. .....#.#....#####
...5........##. #.#..#.#.........
............... .................
5....#......##.##................
............##..............###..
................5................
.....>(.........@K..........#....
#.....#.....##..5............<...
.................................
.............................#...
.......#.......#$.#..##.#.......#
.......#...≈≈♣♣♣≈P♣≈............#
..... ≈♣♣≈≈P≈P≈PP♣♣≈≈........#
♣≈♣≈PP≈P≈≈♣P†≈≈≈.......
≈P≈P≈≈≈≈P≈≈≈P≈♣♣♣......


You could see Pikel (poisoned) and 2 lemures.

Vanquished Creatures
  A lemure (D:4)
  A bullfrog skeleton (D:4)
  An orc priest (D:3)
  A howler monkey skeleton (D:3)
  An adder (D:4)
  A shadow imp (D:3)
  An adder skeleton (D:4)
  A worm (D:2)
  4 orcs (D:3)
  4 endoplasms
  5 giant cockroaches
  5 hobgoblins
  4 jackals (D:1)
  5 quokkas
  10 ball pythons
  4 bats
  4 frilled lizards
  3 goblins
  3 kobolds
  6 rats
65 creatures vanquished.

Vanquished Creatures (collateral kills)
  A lemure (D:4)
1 creature vanquished.

Vanquished Creatures (others)
  5 plants (D:4)
5 creatures vanquished.

Grand Total: 71 creatures vanquished

Notes
Turn   | Place    | Note
-------+----------+-------------------------------------------
     0 | D:1      | lawman0 the Demonspawn Hedge Wizard began the quest for the
                  | Orb.
     0 | D:1      | Reached XP level 1. HP: 13/13 MP: 4/4
   213 | D:1      | Found a faded altar of an unknown god.
   382 | D:1      | Gained mutation: You are partially covered in sharp spines.
                  | [demonic ancestry]
   382 | D:1      | Reached XP level 2. HP: 19/19 MP: 3/6
   559 | D:1      | You fall into a shaft and drop 1 floor!
   568 | D:2      | Learned a level 2 spell: Blink
   571 | D:2      | Learned a level 2 spell: Call Imp
   574 | D:2      | Learned a level 2 spell: Slow
  1245 | D:1      | Gained mutation: You have large cloven feet. [demonic
                  | ancestry]
  1245 | D:1      | Reached XP level 3. HP: 22/24 MP: 8/8
  1557 | D:2      | Found a sacrificial altar of Ru.
  2156 | D:2      | You fall into a shaft and drop 1 floor!
  2381 | D:3      | Reached XP level 4. HP: 30/30 MP: 2/9
  2386 | D:3      | Reached skill level 4 in Spellcasting
  2392 | D:3      | Learned a level 3 spell: Mephitic Cloud
  3161 | D:4      | Found a stormy altar of Qazlal.
  3165 | D:4      | Noticed a lemure
  3165 | D:4      | Noticed a lemure
  3165 | D:4      | Noticed a lemure
  3199 | D:4      | Killed a lemure
  3206 | D:4      | Killed a lemure
  3220 | D:4      | Noticed Pikel
  3223 | D:4      | Noticed a lemure
  3295 | D:4      | Gained mutation: You may rarely emit foul miasma when
                  | damaged in melee. [demonic ancestry]
  3295 | D:4      | Reached XP level 5. HP: 34/35 MP: 5/11
  3369 | D:4      | HP: 1/35 [lemure[Pikel] (3)]
  3370 | D:4      | Slain by a lemure

Illustrated notes

Levels and vault maps discovered:
D:1:      dpeg_arrival_erosion, layout_loops_corners, serial_forest,
          infiniplex_forest_clump_double, infiniplex_forest_corner_1,
          infiniplex_forest_lined_room_3, infiniplex_forest_lined_room_2,
          ebering_ecumenical_altar_hall
D:2:      layout_loops_ring, basic_altar
D:3:      layout_loops_ring
D:4:      corexii_shantytown, layout_basic,
          nicolae_gozag_cash_rules_everything_around_me, lemuel_round_altar,
          abandoned_shop, serial_bayou_lake_a, uniq_pikel

Skill      XL: |  1  2  3  4 |
---------------+-------------+-----
Dodging        | 2 |  2.3
Stealth        | 2 |  2.3
Conjurations   | 2 |  2.7
Spellcasting   | 4 |  4.2
Fighting       | |  0.2
Summonings     | |  1.2
Translocations | |  0.8

Action                   |  1- 3 |  4- 6 || total
-------------------------+-------+-------++-------
Melee: Dagger            |    45 |    37 ||    82
       Kick              |     2 |       ||     2
 Cast: Magic Dart        |    76 |    19 ||    95
       Call Imp          |       |     1 ||     1
  Use: Scroll            |     1 |     2 ||     3
       Potion            |       |     3 ||     3
 Stab: Sleeping          |     3 |     1 ||     4
Armor: Robe              |    10 |     6 ||    16
Dodge: Dodged            |    32 |    25 ||    57

Table legend: (Time is in decaauts)
 A = Elapsed time spent in this place.
 B = Non-inter-level travel time spent in this place.
 C = Inter-level travel time spent in this place.
 D = Time resting spent in this place.
 E = Time spent auto-exploring this place.
 F = Levels seen in this place.
 G = Mean time per level.
                   A        B        C        D        E       F      G
               +--------+--------+--------+--------+--------+-----+--------+
         Total |   3375 |   3264 |    111 |    335 |   2453 |   4 |  843.8 |
       Dungeon |   3375 |   3264 |    111 |    335 |   2453 |   4 |  843.8 |
               +--------+--------+--------+--------+--------+-----+--------+

Top non-repeatable levels by time:
     D:1: 1365 daAuts
     D:2: 871 daAuts
     D:3: 859 daAuts
     D:4: 279 daAuts
